[Event "ISR-chT 2018"]
[Site "Israel"]
[Date "2018.01.05"]
[Round "1"]
[White "Boruchovsky, Avital"]
[Black "Reshef, Omer"]
[Result "1/2-1/2"]
[ECO "D00"]
[WhiteElo "2542"]
[BlackElo "2467"]
[PlyCount "105"]
[EventDate "2018.??.??"]
[EventType "team-tourn"]
[EventCountry "ISR"]
[TimeControl "40/5400+30:1800+30"]
[WhiteClock "0:57:29"]
[BlackClock "0:22:14"]

1. d4 d5 2. Bf4 Nf6 3. e3 c5 4. Nf3 Nc6 5. c3 Qb6 6. Qc2 g6 7. Nbd2 Bg7 8. h3 O-O 9. Be2 Bf5 10. Qb3 c4 11. Qxb6 axb6 12. g4 Bd7 13. Ne5 Bc8 14. Bf3 e6 15. O-O Nd7 16. Nxd7 Bxd7 17. Rfd1 f5 18. g5 b5 19. a3 Nd8 20. Be2 Nf7 21. Nf3 Rfe8 22. h4 Bc6 23. Ne5 Nxe5 24. Bxe5 Bxe5 25. dxe5 h5 26. Rd4 Kf7 27. Rad1 Ke7 28. Kh2 Rf8 29. Kg3 Rf7 30. R1d2 Rff8 31. Bd1 Rfd8 32. Bc2 Rd7 33. f3 Rad8 34. Kf2 Ke8 35. Ke2 Ke7 36. Kd1 Ke8 37. Kc1 Ke7 38. Rd1 Rf8 39. Kb1 Rfd8 40. Ka2 Rf8 41. b3 Rfd8 42. Rb1 Ra8 43. Kb2 Ra7 44. Ra1 Ra8 45. Bd1 Rdd8 46. f4 Ra7 47. Be2 Rda8 48. Rdd1 Ra5 49. Rdb1 Kd8 50. Bd1 Kc7 51. Ra2 R5a7 52. Rba1 Ra5 53. Rc1 1/2-1/2

[Event "ISR-chT 2018"]
[Site "Israel"]
[Date "2018.01.05"]
[Round "1"]
[White "Haimovich, Tal"]
[Black "Alex, Thomas K"]
[Result "1/2-1/2"]
[ECO "B31"]
[WhiteElo "2401"]
[BlackElo "1982"]
[PlyCount "180"]
[EventDate "2018.??.??"]
[EventType "team-tourn"]
[EventCountry "ISR"]
[TimeControl "40/5400+30:1800+30"]
[WhiteClock "0:07:54"]
[BlackClock "0:02:50"]

1. e4 c5 2. Nf3 Nc6 3. Bb5 g6 4. O-O Bg7 5. Re1 Nf6 6. e5 Ng4 7. Bxc6 dxc6 8. Nc3 Qc7 9. d4 O-O 10. Bf4 cxd4 11. Qxd4 Rd8 12. Qc5 Be6 13. Bg5 b6 14. Qxe7 Rd7 15. Qb4 Nxe5 16. Nxe5 Bxe5 17. Qh4 Bf5 18. Rad1 Rxd1 19. Nxd1 Be6 20. Nc3 Bf5 21. Bf6 Bxf6 22. Qxf6 Rf8 23. h4 h5 24. Re5 Qd7 25. Re7 Qd2 26. Re3 Qc1+ 27. Kh2 Qxb2 28. Qxc6 Qxc2 29. Kg3 Be6 30. Qd6 Rc8 31. Ne4 Qc7 32. Nf6+ Kh8 33. Qxc7 Rxc7 34. a3 Rc4 35. f3 Kg7 36. Ne4 b5 37. Ng5 Kf6 38. Rd3 Ra4 39. Ne4+ Ke5 40. Nc5 Rc4 41. Nb3 Rc2 42. Nd4 Rc5 43. Kf2 Bc4 44. Rd2 f5 45. g3 f4 46. gxf4+ Kxf4 47. Rc2 Rd5 48. Ne6+ Ke5 49. Ng5 Rd4 50. Kg3 a5 51. Ne4 Bd3 52. Rc5+ Rd5 53. Rc8 Bxe4 54. Re8+ Kd4 55. fxe4 Re5 56. Ra8 Rxe4 57. Rxa5 Kc4 58. Ra6 Rg4+ 59. Kh3 Rg1 60. Rc6+ Kd4 61. Ra6 Ra1 62. Ra5 Kc4 63. Kg3 Rh1 64. Ra6 Rg1+ 65. Kh3 Rg4 66. Rc6+ Kd5 67. Rc3 Rc4 68. Rb3 Kc5 69. Rg3 Rc2 70. Rxg6 Rc3+ 71. Kg2 Rxa3 72. Rg5+ Kc4 73. Rxh5 b4 74. Rh8 b3 75. Rb8 Ra5 76. Kg3 Rb5 77. Rc8+ Kb4 78. Rc1 b2 79. Rb1 Kc3 80. Kg4 Kc2 81. Rxb2+ Rxb2 82. h5 Kd3 83. Kf5 Rh2 84. Kg6 Ke4 85. h6 Ke5 86. h7 Ke6 87. Kg7 Rg2+ 88. Kf8 Rh2 89. Kg7 Rg2+ 90. Kf8 Ke5 1/2-1/2

[Event "ISR-chT 2018"]
[Site "Israel"]
[Date "2018.01.05"]
[Round "1"]
[White "Bakalchuk, Johnatan"]
[Black "Gurbanov, Andrei"]
[Result "1-0"]
[ECO "C44"]
[WhiteElo "2400"]
[BlackElo "2339"]
[PlyCount "115"]
[EventDate "2018.??.??"]
[EventType "team-tourn"]
[EventCountry "ISR"]
[TimeControl "40/5400+30:1800+30"]
[WhiteClock "0:12:39"]
[BlackClock "0:07:35"]

1. e4 e5 2. Nf3 Nc6 3. d4 exd4 4. Nxd4 Bb4+ 5. c3 Bc5 6. Be3 Bb6 7. Nf5 g6 8. Bxb6 axb6 9. Ne3 Nf6 10. f3 O-O 11. c4 Nh5 12. Qd2 d6 13. Nc3 Ra5 14. Bd3 Ne5 15. O-O Nf4 16. Bc2 Be6 17. Kh1 Nh5 18. b3 Qh4 19. Qf2 Qxf2 20. Rxf2 g5 21. g3 Ng6 22. Ncd5 Bxd5 23. Nxd5 c6 24. Nxb6 Nf6 25. Rd2 Rd8 26. Kg2 Ne5 27. a4 g4 28. fxg4 Nexg4 29. Re1 Rh5 30. h3 Ne5 31. c5 d5 32. exd5 cxd5 33. g4 Rg5 34. Bf5 Nc6 35. h4 Rg7 36. Kf3 Kh8 37. g5 Ne4 38. Rxd5 Nd2+ 39. Kg4 Nxb3 40. Rxd8+ Nxd8 41. Nd7 Ne6 42. Bxe6 fxe6 43. Rd1 Re7 44. h5 h6 45. gxh6 e5 46. Nf8 Re8 47. Rf1 Nxc5 48. Rf7 Kg8 49. h7+ Kxf7 50. h8=Q Rxf8 51. Qxe5 Ne6 52. h6 Rg8+ 53. Kh5 Rg1 54. Qd5 Rg3 55. h7 Rh3+ 56. Kg4 Rh6 57. Qxb7+ Kf6 58. h8=Q+ 1-0

[Event "ISR-chT 2018"]
[Site "Israel"]
[Date "2018.01.05"]
[Round "1"]
[White "Ben Artzi, Ido"]
[Black "Aharonovich, Itamar"]
[Result "1-0"]
[ECO "B47"]
[WhiteElo "2390"]
[BlackElo "2276"]
[PlyCount "49"]
[EventDate "2018.??.??"]
[EventType "team-tourn"]
[EventCountry "ISR"]
[TimeControl "40/5400+30:1800+30"]

1. e4 c5 2. Nf3 e6 3. d4 cxd4 4. Nxd4 Nc6 5. Nc3 Qc7 6. g4 a6 7. h4 b5 8. Nxc6 Qxc6 9. Bg2 Bb7 10. Be3 Rc8 11. a3 Ne7 12. Qd2 Ng6 13. f4 Be7 14. O-O-O Nxh4 15. Rxh4 Bxh4 16. g5 f6 17. e5 Qc7 18. Bb6 Qxb6 19. Qxd7+ Kf8 20. Bxb7 Re8 21. Bc6 Qb8 22. Ne4 Qc8 23. Qxe8+ Qxe8 24. Bxe8 f5 25. Bc6 1-0

[Event "ISR-chT 2018"]
[Site "Israel"]
[Date "2018.01.05"]
[Round "1"]
[White "Bitensky, Igor"]
[Black "Hochman, Elnatan"]
[Result "1-0"]
[ECO "A48"]
[WhiteElo "2355"]
[BlackElo "2075"]
[PlyCount "99"]
[EventDate "2018.??.??"]
[EventType "team-tourn"]
[EventCountry "ISR"]
[TimeControl "40/5400+30:1800+30"]

1. Nf3 g6 2. d4 Nf6 3. Bf4 Bg7 4. e3 d6 5. Be2 O-O 6. O-O c6 7. h3 Nbd7 8. Bh2 Re8 9. c3 h6 10. Nbd2 Nf8 11. a4 g5 12. Nc4 Bf5 13. Bd3 Bxd3 14. Qxd3 Ng6 15. a5 g4 16. hxg4 Nxg4 17. Bg3 Qd7 18. Rfd1 d5 19. Nce5 N4xe5 20. dxe5 e6 21. Ra4 h5 22. Qe2 b5 23. axb6 axb6 24. Rda1 Qb7 25. Nh4 Rxa4 26. Rxa4 b5 27. Ra1 Nxh4 28. Bxh4 Bxe5 29. Qxh5 Bg7 30. e4 Ra8 31. Re1 Kf8 32. e5 Ke8 33. Re3 Bf8 34. Rf3 Ra1+ 35. Kh2 Ra4 36. b4 c5 37. Rf6 Qd7 38. bxc5 Rc4 39. Bg5 Rxc5 40. Rf3 Qc7 41. Qh8 Rc4 42. Rg3 Qc5 43. Be3 Qe7 44. Bg5 Qc5 45. Be3 Qe7 46. f4 Rxc3 47. f5 Qa3 48. fxe6 Rxe3 49. exf7+ Ke7 50. Qh4+ 1-0

[Event "ISR-chT 2018"]
[Site "Israel"]
[Date "2018.01.05"]
[Round "1"]
[White "Moskovich, Daniel"]
[Black "Drori, Saar"]
[Result "1/2-1/2"]
[ECO "A49"]
[WhiteElo "2147"]
[BlackElo "2380"]
[PlyCount "56"]
[EventDate "2018.??.??"]
[EventType "team-tourn"]
[EventCountry "ISR"]
[TimeControl "40/5400+30:1800+30"]

1. d4 Nf6 2. Nf3 g6 3. g3 Bg7 4. Bg2 d5 5. O-O O-O 6. Nbd2 c6 7. Re1 Bf5 8. Nh4 Be6 9. c3 Na6 10. e4 dxe4 11. Nxe4 Nxe4 12. Bxe4 Qb6 13. Bxg6 hxg6 14. Nxg6 fxg6 15. Rxe6 Bf6 16. Bh6 Qxb2 17. Rb1 Qxa2 18. Qd3 Rf7 19. Re2 Qd5 20. Qxg6+ Kh8 21. Rxb7 Rh7 22. Bf4 Rg8 23. Qe4 Qh5 24. f3 Qa5 25. Qxc6 Rg6 26. Qc8+ Rg8 27. Qc6 Rg6 28. Qc8+ Rg8 1/2-1/2

[Event "ISR-chT 2018"]
[Site "Israel"]
[Date "2018.01.05"]
[Round "1"]
[White "Nakhaenko, Viktor M"]
[Black "Afek, Yochanan"]
[Result "1-0"]
[ECO "D20"]
[WhiteElo "2096"]
[BlackElo "2270"]
[PlyCount "65"]
[EventDate "2018.??.??"]
[EventType "team-tourn"]
[EventCountry "ISR"]
[TimeControl "40/5400+30:1800+30"]
[WhiteClock "0:02:39"]
[BlackClock "0:06:56"]

1. d4 d5 2. c4 dxc4 3. e4 c5 4. d5 e6 5. Nc3 exd5 6. Nxd5 Ne7 7. Bg5 Qa5+ 8. Bd2 Qd8 9. Bxc4 Nxd5 10. Bxd5 Be7 11. Qa4+ Nc6 12. Bxc6+ bxc6 13. Qxc6+ Bd7 14. Qd5 O-O 15. Ne2 Qc8 16. Bc3 Be6 17. Qd3 Rd8 18. Qg3 f6 19. O-O Bf7 20. Nf4 Qc6 21. Rfe1 Bf8 22. Re3 Rd7 23. Rae1 Bxa2 24. Nh5 Kh8 25. e5 fxe5 26. Rxe5 Rf7 27. Rg5 Qh6 28. Re4 Rd8 29. h3 Rd5 30. Rxg7 Rd1+ 31. Kh2 Rxg7 32. Re8 Rd4 33. Rxf8+ 1-0

[Event "ISR-chT 2018"]
[Site "Israel"]
[Date "2018.01.19"]
[Round "3"]
[White "Haimovich, Tal"]
[Black "Galburd, Yan"]
[Result "1-0"]
[ECO "C48"]
[WhiteElo "2401"]
[BlackElo "2344"]
[Annotator "NA"]
[PlyCount "145"]
[EventDate "2018.??.??"]
[EventType "team-tourn"]
[EventCountry "ISR"]
[SourceTitle "playchess.com"]
[Source "ChessBase"]
[SourceQuality "1"]
[TimeControl "40/5400+30:1800+30"]

1. e4 e5 2. Nf3 Nf6 3. Nc3 Nc6 4. Bb5 Bc5 5. O-O O-O 6. Bxc6 dxc6 7. Nxe5 {[%emt 0:08:05] C48: Four Knights: 4 Bb5, replies other than 4...Bb4} Re8 8. Nf3 Nxe4 9. Nxe4 Rxe4 10. d3 Re8 11. Ng5 $146 ({Find the theoretical novelty and annotate with similar games:} 11. d4 Bf8 12. h3 Be6 13. Bf4 Bd5 14. Ne5 f6 {1-0 (45) Risting,E (2335)-Holm,K (2433) Kristiansund 2017}) 11... Qd5 12. Ne4 Bb6 13. Bf4 Bf5 14. Nc3 Qd7 15. Qf3 Re6 16. Be3 Rg6 17. Rfe1 Bh3 18. g3 Rf6 19. Qe4 Be6 20. a4 Rf5 21. b4 a5 22. b5 h6 23. Rab1 Bc5 24. g4 Rg5 25. Bxg5 hxg5 26. bxc6 bxc6 27. h3 Rd8 28. Ne2 Qd6 29. d4 Bb6 30. c3 c5 31. Qe5 Qxe5 32. dxe5 Rd2 33. Ng3 Ra2 34. Ra1 Rc2 35. Rec1 Rb2 36. Re1 c4 37. Re2 Rb3 38. Rc1 Ra3 39. Ne4 Rxa4 40. Nxg5 Ra3 41. Rd2 Kf8 42. Rd8+ Ke7 43. Rcd1 f6 44. exf6+ Kxf6 45. Nxe6 Kxe6 46. Re1+ Kf7 47. Rd7+ Kf6 48. g5+ Kg6 49. Ree7 Rxc3 $18 (49... Kxg5 {keeps fighting.} 50. Rxg7+ Kf5) 50. Rxg7+ Kf5 51. Rdf7+ Ke5 52. Kg2 Rd3 53. Rf3 Rd8 54. g6 c3 55. Rxc3 Kf6 56. Rf7+ Kxg6 57. Rf4 Kg5 58. Rcf3 Kh6 59. Rg3 Kh5 60. h4 Kh6 61. Kh3 Bd4 62. Ra3 Bb6 63. Rc3 Rd2 64. Rc6+ Kh7 65. f3 Ra2 66. h5 a4 67. h6 Ra1 68. Kh2 Bg1+ 69. Kg2 Be3 70. Rf7+ Kh8 71. Rcxc7 Rg1+ 72. Kh2 Bxh6 73. Kxg1 1-0

[Event "ISR-chT 2018"]
[Site "Israel"]
[Date "2018.01.19"]
[Round "3"]
[White "Shachar, Ehud"]
[Black "Parkhov, Yair"]
[Result "0-1"]
[ECO "C18"]
[WhiteElo "2401"]
[BlackElo "2372"]
[Annotator "NA"]
[PlyCount "70"]
[EventDate "2018.??.??"]
[EventType "team-tourn"]
[EventCountry "ISR"]
[SourceTitle "playchess.com"]
[Source "ChessBase"]
[SourceQuality "1"]
[TimeControl "40/5400+30:1800+30"]

1. e4 e6 2. d4 d5 3. Nc3 Bb4 4. e5 Ne7 5. a3 Bxc3+ 6. bxc3 c5 7. Qg4 Ng6 8. h4 h5 9. Qd1 Qc7 10. Nf3 b6 11. a4 Ba6 12. a5 Bxf1 13. Kxf1 Qc6 14. Rh3 $11 Nd7 15. Ng5 Ne7 16. axb6 axb6 17. Rxa8+ Qxa8 18. dxc5 Qa6+ 19. Kg1 Nxe5 20. cxb6 Qxb6 21. c4 Ng4 22. Be3 Qc7 23. Qd4 O-O 24. Qd3 Nf5 25. cxd5 Ra8 26. Kf1 Ra1+ 27. Ke2 Qa5 28. Bd2 Qb6 29. Be1 Nd4+ 30. Kf1 Qb1 31. Qc3 Qb5+ 32. Rd3 Nh2+ 33. Kg1 Ne2+ 34. Kxh2 Nxc3 35. Rxc3 Qb8+ 0-1

[Event "ISR-chT 2018"]
[Site "Israel"]
[Date "2018.01.19"]
[Round "3"]
[White "Mikhail, Botvinnik"]
[Black "Shohat, Yotam"]
[Result "1-0"]
[ECO "A56"]
[WhiteElo "2368"]
[BlackElo "2204"]
[Annotator "NA"]
[PlyCount "108"]
[EventDate "2018.??.??"]
[EventType "team-tourn"]
[EventCountry "ISR"]
[SourceTitle "playchess.com"]
[Source "ChessBase"]
[SourceQuality "1"]
[TimeControl "40/5400+30:1800+30"]

1. d4 Nf6 2. c4 c5 3. Nf3 cxd4 4. Nxd4 Nc6 5. Nc3 g6 6. g3 Bg7 7. Bg2 O-O 8. O-O d6 9. b3 Nxd4 10. Qxd4 Be6 11. Bb2 {LiveBook: 7 Games} Qa5 {A39: Symmetrical English vs ...g6: 4 Bg2 Bg7 5 Nf3 Nf6 6 0-0 0-0 7 d4} 12. Rac1 Rab8 13. Qd2 Rfc8 14. Rfd1 a6 15. Nd5 $146 ({Predecessor:} 15. Na4 Qxd2 16. Rxd2 b5 17. cxb5 Rxc1+ 18. Bxc1 axb5 19. Nc3 {0-1 (60) Altounian,L (2454)-Hess,R (2590) Saint Louis 2010}) 15... Qxd2 16. Rxd2 Bxd5 17. cxd5 Nd7 18. Rxc8+ Rxc8 19. Ba3 Kf8 20. e3 $11 Ke8 21. Kf1 b5 22. Ke2 a5 23. b4 a4 24. Kd1 Nb6 25. Bf1 Nc4 26. Rc2 Kd8 27. Bc1 Rc7 28. Bd2 e6 29. e4 exd5 30. exd5 Kc8 31. Bxc4 bxc4 32. Bc3 Bxc3 33. Rxc3 Kb7 34. Re3 Ka6 35. Kc2 Kb5 36. Kc3 a3 37. Re8 Rb7 38. Ra8 Re7 39. Rxa3 Re2 40. Ra5+ Kb6 41. Kxc4 Rxf2 42. Ra8 Rxh2 43. a4 Rc2+ 44. Kd3 Rg2 45. a5+ Kb5 46. Rb8+ Ka6 47. Rb6+ Ka7 48. Rxd6 h5 49. Kc4 Rxg3 50. Rf6 h4 51. Rxf7+ Kb8 52. d6 h3 53. Rf8+ Kb7 54. d7 Rg4+ 1-0

[Event "ISR-chT 2018"]
[Site "Israel"]
[Date "2018.01.19"]
[Round "3"]
[White "Bitensky, Igor"]
[Black "Kaplivatski, Alexander"]
[Result "1-0"]
[ECO "A46"]
[WhiteElo "2355"]
[BlackElo "2217"]
[Annotator "NA"]
[PlyCount "78"]
[EventDate "2018.??.??"]
[EventType "team-tourn"]
[EventCountry "ISR"]
[SourceTitle "playchess.com"]
[Source "ChessBase"]
[SourceQuality "1"]
[TimeControl "40/5400+30:1800+30"]

1. d4 Nf6 2. Nf3 e6 3. Bf4 c5 4. e3 Qb6 5. Qc1 Nc6 6. c3 d5 7. Nbd2 Nh5 8. Bg3 Nxg3 9. hxg3 Bd6 10. Qc2 h6 11. a4 cxd4 12. exd4 Bd7 13. Bd3 Rc8 14. Qb3 $15 Qxb3 15. Nxb3 O-O 16. O-O f6 17. Rfe1 g5 18. Bb5 Kg7 19. Nc5 Bxc5 20. dxc5 a6 21. Bf1 e5 22. b4 Ne7 23. Nd4 Kf7 24. Nb3 Be6 25. f4 Ng6 26. fxe5 fxe5 27. Be2 g4 28. Na5 Rc7 29. c4 dxc4 30. Bxc4 Rd8 31. Rad1 Rcd7 32. Rxd7+ Rxd7 33. b5 axb5 34. axb5 Rc7 35. c6 bxc6 36. b6 Re7 37. b7 Re8 38. Bxe6+ Kxe6 39. Nxc6 Kd5 1-0

[Event "ISR-chT 2018"]
[Site "Israel"]
[Date "2018.01.19"]
[Round "3"]
[White "Deutsch, Eyal"]
[Black "Kaplan, Sasha"]
[Result "1/2-1/2"]
[ECO "D00"]
[WhiteElo "2350"]
[BlackElo "2396"]
[Annotator "NA"]
[PlyCount "68"]
[EventDate "2018.??.??"]
[EventType "team-tourn"]
[EventCountry "ISR"]
[SourceTitle "playchess.com"]
[Source "ChessBase"]
[SourceQuality "1"]
[TimeControl "40/5400+30:1800+30"]

1. d4 d5 2. Bf4 Nf6 3. e3 Bf5 4. c4 c6 5. Qb3 {D10: Slav Defence: 3 cxd5 (without early Nf3) and 3 Nc3} (5. Nc3 e6 6. Qb3 Qc8 7. Nf3 Nbd7 8. h3 Be7 9. Be2 O-O 10. O-O Nb6 11. c5 Nbd7 12. Qd1 Ne4 13. Rc1 Re8 14. Nxe4 Bxe4 15. Nd2 Bg6 16. Bh2 a5 17. Nb1 Bd8 18. Nc3 e5 19. Re1 Bc7 {½-½ (60) Grischuk,A (2810)-Wang,H (2710) Beijing 2014}) 5... Qb6 6. Nc3 dxc4 7. Bxc4 e6 8. Nf3 h6 9. h3 Nbd7 10. O-O Be7 11. Rfe1 Qxb3 12. Bxb3 Ne4 13. Nxe4 Bxe4 14. Nd2 $146 Bd3 15. Nc4 Bxc4 16. Bxc4 O-O 17. Rac1 Rfd8 18. Bc7 Re8 19. Ba5 Rac8 20. Red1 Nb6 21. Be2 Red8 22. Bf3 Kf8 23. Kf1 Bd6 24. Ke2 Ke7 25. Rc2 Bc7 26. g3 Nd5 27. Be1 Bd6 28. a3 Bc7 29. Rd3 Bd6 30. Rb3 Rd7 31. a4 f5 32. a5 $11 a6 33. Bd2 Rcc7 34. Be1 Rd8 1/2-1/2

[Event "ISR-chT 2018"]
[Site "Israel"]
[Date "2018.01.19"]
[Round "3"]
[White "Frenkel, Ran"]
[Black "Drori, Saar"]
[Result "0-1"]
[ECO "D85"]
[WhiteElo "2189"]
[BlackElo "2380"]
[Annotator "NA"]
[PlyCount "58"]
[EventDate "2018.??.??"]
[EventType "team-tourn"]
[EventCountry "ISR"]
[SourceTitle "playchess.com"]
[Source "ChessBase"]
[SourceQuality "1"]
[TimeControl "40/5400+30:1800+30"]

1. d4 Nf6 2. c4 g6 3. Nc3 d5 4. cxd5 Nxd5 5. e4 Nxc3 6. bxc3 Bg7 7. Nf3 c5 8. Rb1 O-O 9. Be2 cxd4 10. cxd4 Qa5+ 11. Qd2 Qxd2+ 12. Bxd2 b6 13. O-O Bb7 14. d5 Ba6 15. Bxa6 Nxa6 16. Bg5 f6 17. Be3 f5 {[%emt 0:02:12] LiveBook: 12 Games} 18. Ng5 $11 fxe4 19. Ne6 Rfc8 20. Rfc1 Be5 21. Bg5 Bd6 22. Re1 Nb4 23. Rxe4 Nxa2 24. Rbe1 Nc3 25. Rd4 a5 26. h4 a4 27. Nf4 a3 28. Nd3 a2 29. Ra1 Ne2+ 0-1

[Event "ISR-chT 2018"]
[Site "Israel"]
[Date "2018.02.09"]
[Round "5"]
[White "Moskovich, Daniel"]
[Black "Poleg, Dan"]
[Result "1/2-1/2"]
[ECO "D05"]
[WhiteElo "2146"]
[BlackElo "2278"]
[Annotator "NA"]
[PlyCount "55"]
[EventDate "2018.??.??"]
[EventType "team-tourn"]
[EventCountry "ISR"]
[SourceTitle "playchess.com"]
[Source "ChessBase"]
[SourceQuality "1"]
[TimeControl "40/5400+30:1800+30"]

1. d4 Nf6 2. Nf3 e6 3. e3 d5 4. Bd3 c5 5. c3 Nc6 6. Nbd2 Bd6 7. O-O O-O 8. dxc5 Bxc5 9. b4 Bd6 10. Bb2 Qe7 11. b5 Ne5 12. Nxe5 Bxe5 13. f4 Bc7 14. c4 e5 15. cxd5 exf4 16. Nc4 Ng4 17. exf4 Rd8 18. Qc2 Rxd5 19. Bxh7+ Kh8 20. Rae1 Qc5+ 21. Kh1 Bf5 22. Bxf5 Rxf5 23. h3 Rh5 24. Qe2 Rh4 25. Qe7 Nf2+ 26. Rxf2 Qxf2 27. Bxg7+ Kxg7 28. Qg5+ 1/2-1/2